 Dungeon Crawl Stone Soup version 0.27.1-33-g824d729ab1 (webtiles) character file.

Game seed: 5420308605509110635

12 H0rd4k the Charlatan (level 2, 0/21 HPs)
             Began as a Human Artificer on Nov 24, 2021.
             Slain by a ball python (1 damage)
             ... on level 1 of the Dungeon.
             The game lasted 00:00:22 (514 turns).

H0rd4k the Charlatan (Human Artificer)               Turns: 514, Time: 00:00:22

Health: 0/21       AC:  3    Str: 12    XL:     2   Next: 45%
Magic:  2/2        EV:  8    Int: 11    God:
Gold:   24         SH:  0    Dex: 13    Spells: 1/1 levels left

rFire    . . .     SeeInvis .   a - +0 club
rCold    . . .     Faith    .   (no shield)
rNeg     . . .     Spirit   .   b - +0 leather armour
rPois    .         Reflect  .   (no helmet)
rElec    .         Harm     .   (no cloak)
rCorr    .         Rampage  .   (no gloves)
Will     .....                  (no boots)
Stlth    +.........             (no amulet)
HPRegen  0.07/turn              (no ring)
MPRegen  0.08/turn              (no ring)

@: constricted
A: no striking features
a: no special abilities


You were on level 1 of the Dungeon.
You visited 1 branch of the dungeon, and saw 1 of its levels.

You collected 24 gold pieces.

Inventory:

Hand Weapons
 a - a +0 club (weapon)
Armour
 b - a +0 leather armour (worn)
Wands
 c - a wand of flame (15) (quivered)
 d - a wand of charming (15)
Miscellaneous
 e - a piece from Xom's chessboard (15/15)


   Skills:
 + Level 1.0 Fighting
 - Level 2.0 Armour
 + Level 1.3 Dodging
 - Level 1.0 Stealth
 + Level 3.5 Evocations


You had one spell level left.
You didn't know any spells.
Your spell library was empty.

Dungeon Overview and Level Annotations

Branches:
Dungeon (1/15)

Altars:


Message History

You hit the quokka but do no damage. The quokka barely misses you.
The quokka bites you but does no damage.
You closely miss the quokka. The quokka completely misses you.
You barely miss the quokka. The quokka closely misses you.
The quokka bites you but does no damage.
You barely miss the quokka.
The quokka bites you but does no damage.
You completely miss the quokka. The quokka closely misses you.
The quokka bites you but does no damage.
You hit the quokka but do no damage. The quokka bites you.
You miss the quokka. The quokka bites you. The quokka barely misses you.
You hit the quokka.
The quokka is almost dead.
The quokka bites you. The quokka barely misses you.
You closely miss the quokka.
The quokka is severely wounded.
The quokka bites you.
You hit the quokka but do no damage.
The quokka is severely wounded.
The quokka barely misses you. The quokka bites you.
* * * LOW HITPOINT WARNING * * *
You closely miss the quokka.
The quokka is severely wounded.
The quokka misses you.
You hit the quokka.
The quokka is almost dead.
The quokka bites you.
* * * LOW HITPOINT WARNING * * *
The quokka barely misses you.
You closely miss the quokka.
The quokka is almost dead.
The quokka misses you.
You hit the quokka.
You kill the quokka!
You closely miss the ball python.
The ball python bites you but does no damage.
The ball python grabs you. The ball python constricts you.
* * * LOW HITPOINT WARNING * * *
The ball python bites you.
You die...

.........†....#........#
#.'..
#############.##.......#
#.'.♣ #.##>......# #.'..
#.##.......#### #.###
#.(..>........###.PPP
####.########.†.#..8P
#.# #.#...PPP #.#
#.####### #@# #.# #S#
... #.# [..
#$...........
#.........#+##
#.......#. #(......#
#.[.....# #.......#


You could see a ball python.

Vanquished Creatures
  4 bats (D:1)
  A giant cockroach (D:1)
  A hobgoblin (D:1)
  2 jackals (D:1)
  A quokka (D:1)
  A ball python (D:1)
  A rat (D:1)
11 creatures vanquished.

Notes
Turn   | Place    | Note
-------+----------+-------------------------------------------
     0 | D:1      | H0rd4k the Human Artificer began the quest for the Orb.
     0 | D:1      | Reached XP level 1. HP: 15/15 MP: 1/1
   383 | D:1      | Reached XP level 2. HP: 21/21 MP: 2/2
   514 | D:1      | HP: 1/21 [constriction (1)]
   514 | D:1      | Slain by a ball python

Illustrated notes

Levels and vault maps discovered:
D:1:      sevenhm_arrival_forest_fort_small_3, layout_basic,
          kennysheep_minor_cross, st_stairs_1, chequers_mini_garden

Action                   || total
-------------------------++-------
Melee: Club              ||    65
 Stab: Sleeping          ||     1
Armor: Leather armour    ||    36
Dodge: Dodged            ||    51
